 Dungeon Crawl Stone Soup version 0.31-a0-1068-g5939ac1fb6 (webtiles) character file.

Game seed: 9290457604006935422

214 Amplified the Cudgeller (level 5, -9/61 HPs)
             Began as a Demonspawn Gladiator on Nov 24, 2023.
             Was a Believer of Ashenzari.
             Mangled by Dowan
             ... wielding a +1 dagger of electrocution
              (13 damage)
             ... on level 4 of the Dungeon.
             The game lasted 00:05:39 (2275 turns).

Amplified the Cudgeller (Demonspawn Gladiator)      Turns: 2275, Time: 00:05:39

Health: -9/61      AC: 22    Str: 16    XL:     5   Next: 59%
Magic:  3/6        EV:  2    Int: 10    God:    Ashenzari [**....]
Gold:   104        SH:  0    Dex: 14    Spells: 6/6 levels left

rFire   . . .        a - +0 flail
rCold   . . .        (no shield)
rNeg    . . .        h - melded +2 chain mail "Share My Mysticism" {Cun, Alch} (curse)
rPois   +            c - melded +0 helmet "Bound With Me" {Dev, Self} (curse)
rElec   .            (cloak currently unavailable)
rCorr   +            (gloves currently unavailable)
SInv    +            (boots currently unavailable)
Will    .....        (no amulet)
Stlth   +            i - ring "Bound With Me" {rCorr, Comp, Fort} (curse)
HPRegen 0.30/turn    (no ring)
MPRegen 0.10/turn

%: no passive effects
@: mighty, tree-form, invisible
A: stationary, stasis, torment immunity, boosted hp, foul stench 1, (spiny 1)
a: Renounce Religion, Shatter the Chains


You were on level 4 of the Dungeon.
You worshipped Ashenzari.
Ashenzari was pleased with you.
You were a tree.
You visited 1 branch of the dungeon, and saw 4 of its levels.

You collected 218 gold pieces.
You spent 114 gold pieces at shops.

Inventory:

Hand Weapons
 a - a +0 flail (weapon)
Missiles
 d - 3 throwing nets (quivered)
 e - a javelin
Armour
 b - a +0 leather armour
 c - the cursed +0 helmet "Bound With Me" (melded) {Dev, Self}

   It has a curse which improves the following skills: Devices: Evocations and
   Shapeshifting.
   Introspection: Fighting and Spellcasting.
 h - the cursed +2 chain mail "Share My Mysticism" (melded) {Cun, Alch}
   (You found it on level 2 of the Dungeon)

   It has a curse which improves the following skills: Cunning: Dodging and
   Stealth.
   Alchemy:   Poison Magic and Transmutations.
Jewellery
 i - the cursed ring "Bound With Me" (left branch) {rCorr, Comp, Fort}
   (You found it on level 2 of the Dungeon)

   [ring of resist corrosion]

   rCorr:     It protects you from acid and corrosion.
   It has a curse which improves the following skills: Companions: Summonings
   and Necromancy.
   Fortitude: Armour and Shields.
 k - a ring of poison resistance
Scrolls
 f - a scroll of fear
 n - a scroll of teleportation
Potions
 g - a potion of enlightenment
 j - a potion of invisibility
 l - 2 potions of lignification
 o - 2 potions of resistance
 p - a potion of curing


   Skills:
 * Level 3.6 Fighting
 * Level 3.8 Maces & Flails
 - Level 1.7 Throwing
 * Level 2.5(3.5) Armour
 - Level 2.6 Dodging
 * Level 1.1 Spellcasting


You had 6 spell levels left.
You didn't know any spells.
Your spell library contained the following spells:

 Spells                   Type           Power      Damage    Failure   Level
 Passage of Golubria      Tloc           0%         N/A       98%         4
 Silence                  Hex/Air        0%         N/A       100%        5
 Lehudib's Crystal Spear  Conj/Erth      0%         10d2      100%        8


Dungeon Overview and Level Annotations

Branches:
Dungeon (4/15)
 Temple: D:4-7

Altars:
Ashenzari
Uskayaw
Yredelemnul

Shops:
D:2 *

Annotations:
D:4 Dowan


Innate Abilities, Weirdness & Mutations

You are a tree.
Your roots penetrate the ground, keeping you stationary.
You cannot be teleported.
You are immune to unholy pain and torment.
Your maximum health is greatly increased.
Your equipment is partially melded.
You may rarely emit foul miasma when damaged in melee.
((You are partially covered in sharp spines.))


Message History

Duvessa is heavily wounded.
Duvessa is struck by your spines. Duvessa completely misses you.
Dowan closely misses you.
Unknown command.
You sock Duvessa!
Duvessa is almost dead.
Duvessa hits you with a +0 short sword.
You emit a cloud of foul miasma!
Dowan barely misses you.
Unknown command.
You thump Duvessa!
You kill Duvessa!
Dowan screams, "No!
No!"
Dowan casts a spell at something.
Your Spellcasting skill increases to level 1!
You have reached level 5!
Unknown command.
You strike the helpless Dowan from behind!
You sock Dowan!
Dowan is moderately wounded.
Dowan hits you but does no damage.
You sock Dowan!
Dowan is almost dead.
Dowan gestures at you while chanting. The shard of ice hits you.
Dowan casts a spell at you. The shard of ice hits you!
Unknown command.
You completely miss Dowan.
Dowan is almost dead.
Dowan is struck by your spines. Dowan hits you but does no damage.
You are electrocuted!
* * * LOW HITPOINT WARNING * * *
Unknown command.
Unknown command.
You turn into a tree.
The cursed +0 helmet "Bound With Me" {Dev, Self} melds into your body.
The cursed +2 chain mail "Share My Mysticism" {Cun, Alch} melds into your body.
Your roots penetrate the ground.
Dowan hits you but does no damage.
You are electrocuted!
You die...

######......... ##....
#.....<.
....#####.......
######.....#......... #
....#..##.#.#.......
#.##.....##.#'#.......
#.....#.###...........
#.#####...........######
......○♣#.####....######
..#####e#.####..........
#.....#...............
#.###.#######.........
#.................
..########........ ...#
#........... ######
###.# #.##........
#....# #.# #.#.<....###


You could see Dowan (unable to see you).

Vanquished Creatures
  Duvessa (D:4)
  A gnoll (D:3)
  2 adders
  4 dart slugs
  2 orcs (D:3)
  4 ball pythons
  3 bats
  4 endoplasms
  2 giant cockroaches
  4 goblins
  7 hobgoblins
  7 jackals (D:1)
  6 kobolds
  4 quokkas
  2 frilled lizards (D:3)
  12 rats
65 creatures vanquished.

Notes
Turn   | Place    | Note
-------+----------+-------------------------------------------
     0 | D:1      | Amplified the Demonspawn Gladiator began the quest for the
                  | Orb.
     0 | D:1      | Reached XP level 1. HP: 16/16 MP: 1/1
   109 | D:1      | Gained mutation: You are partially covered in sharp spines.
                  | [demonic ancestry]
   109 | D:1      | Reached XP level 2. HP: 20/22 MP: 2/2
   180 | D:1      | Reached skill level 1 in Armour
   490 | D:1      | Reached XP level 3. HP: 28/28 MP: 3/3
   490 | D:1      | Found a faded altar of an unknown god.
   503 | D:1      | Prayed at the altar of an unknown god.
   503 | D:1      | Became a worshipper of Ashenzari the Shackled
  1021 | D:2      | Found Liggum's Assorted Antiques.
  1028 | D:2      | Bought a scroll labelled FOEKUE PEFAGYACK for 30 gold
                  | pieces
  1028 | D:2      | Bought a scroll labelled LOETEE CEALYHO for 30 gold pieces
  1028 | D:2      | Bought a viscous golden potion for 27 gold pieces
  1028 | D:2      | Bought a grey potion for 27 gold pieces
  1142 | D:3      | Gained mutation: You may rarely emit foul miasma when
                  | damaged in melee. [demonic ancestry]
  1142 | D:3      | Reached XP level 4. HP: 22/35 MP: 4/4
  1152 | D:3      | Reached * piety under Ashenzari
  1374 | D:3      | Found a hide-covered altar of Uskayaw.
  1523 | D:3      | Found a basalt altar of Yredelemnul.
  1863 | D:3      | Reached ** piety under Ashenzari
  2258 | D:4      | Noticed Dowan
  2259 | D:4      | Noticed Duvessa
  2271 | D:4      | Killed Duvessa
  2272 | D:4      | Reached skill level 1 in Spellcasting
  2272 | D:4      | Reached XP level 5. HP: 38/43 MP: 4/7
  2275 | D:4      | Mangled by Dowan

Illustrated notes

Levels and vault maps discovered:
D:1:      scummos_arrival_star, layout_loops_cross,
          shapermc_ecumenical_altar_mp_urbaneastern
D:2:      layout_rooms, serial_shops, shop, minmay_rat_gold_closets
D:3:      minmay_evil_eye, layout_basic, nicolae_overflow_hidden_temple,
          mainiacjoe_overflow_chevrons
D:4:      layout_basic, kennysheep_vampire_church, uniq_menkaure, uniq_duvessa

Skill      XL: |  1  2  3  4 |
---------------+-------------+-----
Maces & Flails | 3 |  3.8
Armour         | 1 2 |  2.5
Fighting       | 3 |  3.6
Spellcasting   | 1 |  1.1
Throwing       | |  1.7
Dodging        | |  2.6

Action                     |  1- 3 |  4- 6 || total
---------------------------+-------+-------++-------
  Melee: Flail             |    85 |    40 ||   125
         Punch             |     1 |       ||     1
 Invoke: Curse Item        |     1 |     2 ||     3
    Use: Scroll            |     6 |     1 ||     7
         Potion            |       |     3 ||     3
   Stab: Sleeping          |     2 |       ||     2
         Invisible         |       |     1 ||     1
 Armour: Leather armour    |    22 |       ||    22
         Chain mail        |    34 |    28 ||    62
         Skin              |       |     1 ||     1
  Dodge: Dodged            |    55 |    14 ||    69

Table legend: (Time is in decaauts)
 A = Elapsed time spent in this place.
 B = Non-inter-level travel time spent in this place.
 C = Inter-level travel time spent in this place.
 D = Time resting spent in this place.
 E = Time spent auto-exploring this place.
 F = Levels seen in this place.
 G = Mean time per level.
                   A        B        C        D        E       F      G
               +--------+--------+--------+--------+--------+-----+--------+
         Total |   2305 |   2218 |     87 |    245 |    641 |   4 |  576.2 |
       Dungeon |   2305 |   2218 |     87 |    245 |    641 |   4 |  576.2 |
               +--------+--------+--------+--------+--------+-----+--------+

Top non-repeatable levels by time:
     D:3: 842 daAuts
     D:1: 648 daAuts
     D:2: 506 daAuts
     D:4: 308 daAuts
